 Dungeon Crawl Stone Soup version 0.21.0-3-g78d12a8 (webtiles) character file.

98 Inarius the Chiller (level 4, -1/34 HPs)
             Began as a Draconian Ice Elementalist on Jan 13, 2018.
             Killed by nerve-wracking pain
             ... invoked by an orc priest
              (11 damage)
             ... on level 3 of the Dungeon.
             The game lasted 00:03:57 (2120 turns).

Inarius the Chiller (Draconian Ice Elementalist)    Turns: 2120, Time: 00:03:58

Health: -1/34      AC:  6    Str: 11    XL:     4   Next: 44%
Magic:  2/7        EV: 12    Int: 16    God:
Gold:   73         SH:  0    Dex: 11    Spells: 3/7 levels left

rFire    . . .     SeeInvis .   k - +0 dagger
rCold    . . .     Gourm    .   (no shield)
rNeg     . . .     Faith    .   (armour unavailable)
rPois    .         Spirit   .   (helmet restricted)
rElec    .         Reflect  .   (no cloak)
rCorr    .         Harm     .   m - +0 pair of gloves
MR       .....                  (no boots)
Stlth    ++........             (no amulet)
HPRegen  0.11/turn              (no ring)
MPRegen  0.10/turn              (no ring)

@: no status effects
A: unfitting armour, cold-blooded, AC +5
a: no special abilities


You were on level 3 of the Dungeon.
You were not hungry.

You visited 1 branch of the dungeon, and saw 3 of its levels.

You collected 73 gold pieces.

Inventory:

Hand Weapons
 g - a +0 spear
 k - a +0 dagger (weapon)
Armour
 m - a +0 pair of gloves (worn)
Scrolls
 c - a scroll of blinking {unknown}
 j - a scroll of noise {unknown}
 l - a scroll of enchant weapon {unknown}
 n - a scroll of fear {unknown}
 o - 2 scrolls of immolation {unknown}
 q - a scroll of identify {unknown}
Potions
 e - a potion of might {unknown}
 f - a potion of lignification {unknown}
 h - 2 potions of flight {unknown}
 i - a potion of curing {unknown}
 p - a potion of magic {unknown}
Books
 a - a book of Frost

   Spells                             Type                      Level
   a - Freeze                         Ice                          1
   b - Throw Frost                    Conjuration/Ice              2
   c - Ozocubu's Armour               Charms/Ice                   3
   d - Throw Icicle                   Conjuration/Ice              4
   e - Summon Ice Beast               Ice/Summoning                4
Comestibles
 b - 6 rations
 d - 4 chunks of flesh


   Skills:
 + Level 0.6 Fighting
 + Level 0.2 Short Blades
 + Level 1.3 Polearms
 + Level 2.0 Dodging
 - Level 1.7 Stealth
 + Level 2.4 Spellcasting
   Level 1.0 Conjurations
 * Level 4.4 Ice Magic


You had 3 spell levels left.
You knew the following spells:

 Your Spells              Type           Power        Failure   Level  Hunger
a - Freeze                Ice            ###.         3%          1    #......
b - Ozocubu's Armour      Chrm/Ice       #.......     24%         3    ###....


Dungeon Overview and Level Annotations

Branches:
Dungeon (3/15)

Altars:


Innate Abilities, Weirdness & Mutations

Your plain brown scales are hard. (AC +5)
You cannot fit into any form of body armour.
You are cold-blooded and may be slowed by cold attacks.


Message History

You hit the orc.
You kill the orc!
An orc priest comes into view. It is wielding a short sword.
Found a stone staircase leading down.
Items here: )) [[ a flail; a leather armour x2; a club There isn't anything to butcher here.
You see here a hobgoblin corpse.
You butcher the hobgoblin corpse.
d - 4 chunks of flesh You see here a hobgoblin skeleton.
The orc priest mumbles some strange prayers to Beogh against you.
Pain shoots through your body!
The orc priest invokes the aid of Beogh against you.
Pain shoots through your body!
* * * LOW HITPOINT WARNING * * *
Your magical contamination has completely faded away.
The orc priest calls down the wrath of Beogh upon you.
Pain shoots through your body!
You die...

#.##### #.# #.#
#######o##
#........#######.
#.#####..........
#.
#.#####..########
..
.........######....
#.####.@†(.......#
##...######.#
#...........#
##...........#
#.##.....#######.#
#......<.########..
###....##.........#
##(#.##.######..#
#.#..(.....#


You could see an orc priest.

Vanquished Creatures
  A worker ant (D:2)
  A gnoll (D:1)
  An adder (D:2)
  An ooze (D:1)
  A worm (D:2)
  A dart slug (D:1)
  A leopard gecko (D:1)
  2 orcs (D:3)
  2 giant cockroaches
  5 goblins
  6 hobgoblins
  4 jackals (D:1)
  3 quokkas
  2 ball pythons
  2 bats (D:1)
  3 frilled lizards
  4 kobolds
  4 rats
44 creatures vanquished.

Notes
Turn   | Place    | Note
-------+----------+-------------------------------------------
     0 | D:1      | Inarius the Draconian Ice Elementalist began the quest for the Orb.
     0 | D:1      | Reached XP level 1. HP: 14/14 MP: 3/3
   320 | D:1      | Reached XP level 2. HP: 22/22 MP: 5/5
   882 | D:1      | Reached XP level 3. HP: 22/27 MP: 3/6
  1040 | D:1      | Reached skill level 4 in Ice Magic
  1195 | D:2      | Reached skill level 1 in Polearms
  1383 | D:2      | Reached XP level 4. HP: 34/34 MP: 2/7
  1433 | D:2      | Learned a level 3 spell: Ozocubu's Armour
  2120 | D:3      | Killed from afar by an orc priest

Skill      XL: |  1  2  3 |
---------------+----------+-----
Ice Magic      | 4 |  4.4
Polearms       | 1 |  1.3
Dodging        | 2 |  2.0
Fighting       | |  0.6
Short Blades   | |  0.2
Stealth        | |  1.7
Spellcasting   | |  2.4
Conjurations   | |  1.0

Action                   |  1- 3 |  4- 6 || total
-------------------------+-------+-------++-------
Melee: Spear             |    32 |       ||    32
       Unarmed           |     5 |       ||     5
       Tailslap          |     3 |     1 ||     4
       Dagger            |    20 |    19 ||    39
 Cast: Freeze            |    29 |    22 ||    51
 Stab: Sleeping          |       |     1 ||     1
  Eat: Chunk             |     2 |     2 ||     4
Armor: Skin              |    20 |    12 ||    32
Dodge: Dodged            |    50 |    19 ||    69
